 Dungeon Crawl Stone Soup version 0.31.0-12-g77e489cdc1 (webtiles) character file.

Game seed: 4761302203536942207

950 Doomgape the Trooper (level 8, 0/52 HPs)
             Began as a Gargoyle Fighter on Feb 24, 2024.
             Incinerated by a bombardier beetle (6 damage)
             ... with a burning spray
             ... on level 5 of the Dungeon.
             The game lasted 00:09:43 (3520 turns).

Doomgape the Trooper (Gargoyle Fighter)             Turns: 3520, Time: 00:09:43

Health: 0/52       AC: 16    Str: 27    XL:     8   Next: 13%
Magic:  0/8        EV:  8    Int:  7    God:
Gold:   247        SH:  4    Dex:  8    Spells: 7/7 levels left

rFire   . . .        a - +0 flail
rCold   . . .        c - +0 buckler
rNeg    + . .        s - +0 chain mail
rPois   ∞            (helmet restricted)
rElec   +            (no cloak)
rCorr   .            (no gloves)
SInv    .            (no boots)
Will    .....        g - amulet of guardian spirit Stlth
                     (no ring)
HPRegen 0.28/turn    (no ring)
MPRegen 0.11/turn

%: guardian spirit
@: on fire, glowing
A: sickness immunity, AC +5, negative energy resistance 1, electricity
resistance, torment resistance 1, petrification resistance, horns 1, strong 1
a: no special abilities


You were on level 5 of the Dungeon.
You visited 1 branch of the dungeon, and saw 5 of its levels.

You collected 247 gold pieces.

Inventory:

Hand Weapons
 a - a +0 flail (weapon)
Missiles
 q - 3 javelins (quivered)
Armour
 c - a +0 buckler (worn)
 s - a +0 chain mail (worn)
Jewellery
 g - an amulet of guardian spirit (around neck)
 p - a ring of protection from fire
 r - a ring of protection from fire
Scrolls
 b - a scroll of torment {unknown}
 e - a scroll of enchant weapon {unknown}
 f - a scroll of poison {unknown}
 i - a scroll of vulnerability {unknown}
 j - 2 scrolls of noise
 k - a scroll of enchant armour {unknown}
 l - 2 scrolls of fog
 m - a scroll of teleportation {unknown}
 n - 2 scrolls of identify
 o - a scroll of fear {unknown}
Potions
 h - a potion of curing


   Skills:
 + Level 6.6 Fighting
 + Level 5.5 Maces & Flails
 + Level 6.6 Armour
 - Level 3.2 Shields


You had 7 spell levels left.
You didn't know any spells.
Your spell library contained the following spells:

 Spells                   Type           Power      Damage    Failure   Level
 Summon Small Mammal      Summ           0%         N/A       93%         1
 Call Canine Familiar     Summ           0%         N/A       100%        3
 Hailstorm                Conj/Ice       0%         3d5       100%        3
 Summon Ice Beast         Ice/Summ       0%         N/A       100%        3
 Summon Blazeheart Golem  Fire/Summ      0%         N/A       100%        4
 Sculpt Simulacrum        Ice/Alch       0%         N/A       100%        6


Dungeon Overview and Level Annotations

Branches:
Dungeon (5/15)
 Temple: D:4-7

Altars:
Dithmenos
Uskayaw
Xom

Shops:
D:4 *

Annotations:
D:3 2 runed translucent doors


Innate Abilities, Weirdness & Mutations

You are immune to sickness and miasma.
Your stone body is resilient. (AC +5)
You are immune to poison.
You resist negative energy. (rN+)
You are resistant to electric shocks. (rElec)
You are resistant to unholy torment.
You are immune to petrification.
You have a pair of small horns on your head.
Your muscles are strong. (Str +4, Int/Dex -1)


Message History

You completely miss the bombardier beetle.
The bombardier beetle is lightly wounded.
You hit the bombardier beetle but do no damage.
The bombardier beetle is lightly wounded.
The bombardier beetle bites you.
You hit the bombardier beetle but do no damage.
You headbutt the bombardier beetle.
The bombardier beetle is moderately wounded.
The bombardier beetle sprays incendiary fluid at you.
The burning spray hits you.
You are covered in liquid fire!
You sock the bombardier beetle!
The bombardier beetle is almost dead.
The liquid fire burns you!
The bombardier beetle bites you but does no damage.
You sock the bombardier beetle!
You kill the bombardier beetle!
The liquid fire burns you!
The orc priest invokes the aid of Beogh against you.
Beogh smites you!
* * * LOW HITPOINT WARNING * * *
You thump the orc priest! Your headbutt misses the orc priest.
The orc priest is severely wounded.
The liquid fire burns you!
* * * LOW HITPOINT WARNING * * *
The orc priest hits you but does no damage.
You barely miss the orc priest.
The orc priest is severely wounded.
The liquid fire burns you!
* * * LOW HITPOINT WARNING * * *
The orc priest hits you but does no damage.
You closely miss the orc priest.
The orc priest is severely wounded.
The liquid fire burns you!
* * * LOW HITPOINT WARNING * * *
The orc priest hits you but does no damage.
You sock the orc priest!
You kill the orc priest!
The liquid fire burns you!
You die...

##.....#.###.#####
..##...###........
#.####......######
#.##......#.#
###......##.###
.####....._.#### .#
#.##.#.....# #
.####.##.##.##.########..
..............B$@........
.#######.###.#.########..
.# #.# #.......#.....# .#
##..........B..## .#
.>o..........†<# .#
#........(......# .#
#...............# .#
#........B..?...#
#..B............#


You could see a bombardier beetle.

Vanquished Creatures
  Eustachio (D:5)
  A water moccasin (D:4)
  An orc warrior (D:4)
  2 scorpions (D:4)
  A howler monkey (D:4)
  2 bombardier beetles
  A hound (D:5)
  3 orc priests
  An iguana (D:5)
  2 orc wizards
  3 gnolls (D:5)
  10 adders
  5 dart slugs
  12 orcs
  2 bats
  5 endoplasms
  5 giant cockroaches
  7 goblins
  7 hobgoblins
  3 jackals (D:5)
  7 kobolds
  3 quokkas
  13 ball pythons
  2 frilled lizards
  7 rats
106 creatures vanquished.

Notes
Turn   | Place    | Note
-------+----------+-------------------------------------------
     0 | D:1      | Doomgape the Gargoyle Fighter began the quest for the Orb.
     0 | D:1      | Reached XP level 1. HP: 14/14 MP: 1/1
   156 | D:1      | Reached XP level 2. HP: 15/19 MP: 2/2
   420 | D:1      | Reached XP level 3. HP: 24/24 MP: 3/3
   937 | D:2      | Reached XP level 4. HP: 29/29 MP: 4/4
  1250 | D:3      | Found a faded altar of an unknown god.
  1253 | D:3      | Found a large runed translucent door.
  1255 | D:3      | Found a large runed translucent door.
  1329 | D:3      | Found a shimmering altar of Xom.
  1359 | D:3      | Found a hide-covered altar of Uskayaw.
  1385 | D:3      | Reached XP level 5. HP: 13/34 MP: 0/5
  1386 | D:3      | Gained mutation: Your muscles are strong. (Str +4, Int/Dex
                  | -1) [potion of mutation]
  1386 | D:3      | Gained mutation: Your spells are a little harder to cast,
                  | but a little more powerful. [potion of mutation]
  1386 | D:3      | Lost mutation: Your spells are a little harder to cast, but
                  | a little more powerful. [potion of mutation]
  1386 | D:3      | Gained mutation: You have a pair of small horns on your
                  | head. [potion of mutation]
  1388 | D:3      | HP: 1/34 [burnt (1)]
  1999 | D:4      | Reached XP level 6. HP: 11/40 MP: 3/6
  2205 | D:4      | Noticed an orc warrior
  2221 | D:4      | Killed an orc warrior
  2222 | D:4      | Reached skill level 5 in Fighting
  2222 | D:4      | Reached skill level 5 in Armour
  2511 | D:4      | Reached XP level 7. HP: 44/44 MP: 7/7
  2719 | D:4      | Found Nefrorghops's CLEARANCE SALE!.
  3052 | D:5      | Entered Level 5 of the Dungeon
  3246 | D:5      | Reached skill level 5 in Maces & Flails
  3321 | D:5      | Found a shadowy altar of Dithmenos.
  3321 | D:5      | Noticed Eustachio
  3392 | D:5      | Killed Eustachio
  3393 | D:5      | Reached XP level 8. HP: 50/52 MP: 6/8
  3520 | D:5      | Incinerated by a bombardier beetle

Illustrated notes

Levels and vault maps discovered:
D:1:      mainiacjoe_arrival_reflecting_pool, layout_rooms, chequers_avenue
D:2:      layout_loops_ring, minivault_19, nicolae_the_louvre
D:3:      due_chaos_kobolds, layout_basic, eat_drink_and_be_merry_uskayaw,
          ebering_ecumenical_altar_sacrificial, patterned_corridor
D:4:      layout_basic, serial_bayou_pond_b, nicolae_shop_clearance
D:5:      layout_rooms, overflow_temple_1_default, gammafunk_ghost_mausoleum,
          uniq_eustachio

Skill      XL: |  1  2  3  4  5  6  7 |
---------------+----------------------+-----
Fighting       | 4 5 6 |  6.6
Armour         | 4 5 6 |  6.6
Maces & Flails | 3 4 5 |  5.5
Shields        | |  3.2

Action                     |  1- 3 |  4- 6 |  7- 9 || total
---------------------------+-------+-------+-------++-------
  Melee: Flail             |   117 |   159 |   134 ||   410
         Headbutt          |       |    14 |    21 ||    35
    Use: Scroll            |     1 |     3 |       ||     4
         Potion            |       |     5 |     2 ||     7
 Armour: Scale mail        |    97 |   112 |       ||   209
         Chain mail        |       |    35 |   121 ||   156
  Dodge: Dodged            |    74 |    76 |    69 ||   219
  Block: Buckler           |    23 |    29 |    24 ||    76
